 Dungeon Crawl Stone Soup version 0.27.1-1-g398f81649c (webtiles) character file.

Game seed: 12021266214239698704

79824 nxtlvl the Nimble (level 15, 0/82 HPs)
             Began as a Deep Elf Monk on Sept 20, 2021.
             Was the Champion of Vehumet.
             Slain by Donald (9 damage)
             ... on level 3 of the Swamp.
             The game lasted 04:07:10 (14964 turns).

nxtlvl the Nimble (Deep Elf Monk)                  Turns: 14964, Time: 04:07:12

Health: 0/82       AC: 13    Str: 11    XL:     15   Next: 22%
Magic:  7/34       EV: 23    Int: 22    God:    Vehumet [******]
Gold:   880        SH: 10    Dex: 17    Spells: 0/40 levels left

rFire    . . .     SeeInvis .   b - staff of earth
rCold    . . .     Faith    .   g - +0 buckler
rNeg     . . .     Spirit   .   c - +1 troll leather armour {Purgy}
rPois    +         Reflect  +   d - +0 helmet
rElec    .         Harm     .   h - scarf {+Inv}
rCorr    .         Rampage  .   f - +2 pair of gloves "Caytug" {rPois Str+3}
Will     +....                  (no boots)
Stlth    ++++......             z - amulet of reflection
HPRegen  1.23/turn              o - +4 ring of evasion
MPRegen  0.24/turn              p - +4 ring of protection

@: mighty, studying 2 skills
A: no striking features
a: Renounce Religion, Evoke Invisibility


You were on level 3 of the Swamp.
You worshipped Vehumet.
Vehumet was exalted by your worship.
You visited 5 branches of the dungeon, and saw 23 of its levels.
You visited 1 bazaar.
You also visited: Sewer, Ice Cave and Volcano.

You collected 1975 gold pieces.
You spent 1095 gold pieces at shops.

Inventory:

Hand Weapons
 a - a +2 dagger of draining
 w - a +1 demon blade of flaming
 A - a +1 longbow of flaming
Missiles
 O - 232 arrows
 X - 4 curare-tipped darts (quivered)
Armour
 c - a +1 troll leather armour (worn) {Purgy}
 d - a +0 helmet (worn)
 e - a +1 cloak of cold resistance
 f - the +2 pair of gloves "Caytug" (worn) {rPois Str+3}
   (You bought it in a shop on level 3 of the Dungeon)

   Str:       It affects your strength (+3).
   rPois:     It protects you from poison.
 g - a +0 buckler (worn)
 h - a scarf of invisibility (worn)
 i - +0 fire dragon scales
 C - a +2 robe of cold resistance
 E - a +0 cloak of poison resistance
 H - a scarf of repulsion
Magical Staves
 b - a staff of earth (weapon)
 y - a staff of cold
 B - a staff of poison
 W - a staff of air
Jewellery
 k - a ring of protection from cold
 l - a ring of see invisible
 o - a +4 ring of evasion (left hand)
 p - a +4 ring of protection (right hand)
 z - an amulet of reflection (around neck)
 L - a ring of flight
Wands
 V - a wand of paralysis (9)
 Y - a wand of flame (14)
 Z - a wand of iceblast (14)
Scrolls
 m - a scroll of fog
 n - 2 scrolls of enchant armour
 q - 6 scrolls of magic mapping
 r - 4 scrolls of enchant weapon
 u - 3 scrolls of silence {unknown}
 F - 2 scrolls of blinking {unknown}
 G - 6 scrolls of vulnerability
 R - 2 scrolls of immolation
Potions
 j - 9 potions of heal wounds
 s - 3 potions of resistance
 t - 3 potions of berserk rage
 v - 2 potions of flight
 D - a potion of mutation
 I - 4 potions of attraction
 J - 3 potions of cancellation
 K - 2 potions of might
 M - 2 potions of lignification
 N - 2 potions of curing
 P - 3 potions of ambrosia
 Q - 3 potions of haste
 S - 6 potions of brilliance
Miscellaneous
 x - a condenser vane
 T - a box of beasts (inert)
 U - a phantom mirror (inert)


   Skills:
 + Level 5.5 Fighting
 - Level 4.0 Short Blades
 + Level 11.3 Staves
 + Level 13.2 Dodging
 - Level 8.6 Stealth
 * Level 2.7 Shields
 * Level 13.0 Spellcasting
 + Level 9.3 Conjurations
 - Level 8.0 Fire Magic
 + Level 11.6 Earth Magic
 - Level 10.0 Evocations


You couldn't memorise any spells.
You knew the following spells:

 Your Spells              Type           Power      Damage    Failure   Level
a - Iskenderun's Battles  Conj           53%        2d10      1%          5
c - Sticky Flame          Conj/Fire      51%        2d7       1%          4
q - Ignite Poison         Fire/Tmut/Pois 26%        N/A       1%          3
x - Bolt of Magma         Conj/Fire/Erth 35%        4d15      1%          5
z - Stone Arrow           Conj/Erth      100%       3d13      1%          3
C - Mephitic Cloud        Conj/Pois/Air  28%        N/A       1%          3
V - Starburst             Conj/Fire      25%        6d8       9%          6
X - Fireball              Conj/Fire      25%        3d11      1%          5
Z - Iron Shot             Conj/Erth      37%        9d7       4%          6

Your spell library contained the following spells:

 Spells                   Type           Power      Damage    Failure   Level
 Freeze                   Ice            56%        1d7       1%          1
 Shock                    Conj/Air       100%       1d9       1%          1
 Static Discharge         Conj/Air       34%        N/A       1%          2
 Conjure Flame            Conj/Fire      51%        6-21      1%          3
 Dazzling Flash           Conj/Hex       68%        N/A       1%          3
 Inner Flame              Hex/Fire       31%        N/A       1%          3
 Fulminant Prism          Conj/Hex       17%        3d11      2%          4
 Hailstorm                Conj/Ice       34%        3d9       2%          4
 Iskenderun's Mystic Bla  Conj/Tloc      34%        2d8       2%          4
 Frozen Ramparts          Ice            28%        1d4       5%          3
 Petrify                  Tmut/Erth      56%        N/A       6%          4
 Animate Skeleton         Necr           28%        N/A       7%          1
 Apportation              Tloc           28%        N/A       7%          1
 Corona                   Hex            15%        N/A       7%          1
 Pain                     Necr           56%        1d6       7%          1
 Summon Small Mammal      Summ           56%        N/A       7%          1
 Irradiate                Conj/Tmut      17%        3d19      8%          5
 Lightning Bolt           Conj/Air       17%        1d31      8%          5
 Sublimation of Blood     Necr           7%         N/A       11%         2
 Vampiric Draining        Necr           7%         2d7       21%         3
 Cause Fear               Hex            7%         N/A       56%         4
 Ice Form                 Ice/Tmut       14%        N/A       56%         4
 Simulacrum               Ice/Necr       7%         N/A       100%        6
 Discord                  Hex            7%         N/A       100%        8
 Maxwell's Capacitive Co  Air            7%         ∞         100%        8
 Shatter                  Erth           39%        3d31*     100%        9


Dungeon Overview and Level Annotations

Branches:
Dungeon (11/15)            Temple (1/1) D:6            Lair (6/6) D:8
  Swamp (3/4) Lair:3        Slime (0/5) Lair:6          Orc (2/2) D:9
    Elf (0/3) Orc:2         Sewer (visited)           IceCv (visited)
Volcano (visited)
  Snake: Lair:2-4    Spider: Lair:2-4

Altars:
Ashenzari
Cheibriados
Dithmenos
Elyvilon
Fedhas
Gozag
Hepliaklqana
Kikubaaqudgha
Makhleb
Nemelex Xobeh
Okawaru
Qazlal
Ru
Sif Muna
Trog
Uskayaw
Vehumet
Wu Jian
Xom
Yredelemnul
Zin
The Shining One
Beogh
Jiyva

Shops:
D:3 *[   Orc:1 :   Orc:2 [([(

Annotations:
D:10 Urug
Swamp:3 Donald, Nikola


Message History

You feel a surge of power!
Donald blocks the iron shot.
Donald hits you but does no damage.
Unknown command.
Casting: Iron Shot (dangerous; 4% risk of failure)
Confirm with . or Enter, or press ? or * to list all spells.
Aiming: Iron Shot (dangerous; 4% risk of failure)
Press: ? - help, Shift-Dir - straight line, f/p - Donald
Aim: Donald, wielding a +2 broad axe of freezing, wearing a +3 plate armour of cold resistance and wearing a +0 kite shield (88% to hit)
You feel a surge of power!
Donald blocks the iron shot.
Donald says, "What's the point of conjuring, anyway?"
Donald gestures wildly while chanting.
Donald seems to speed up.
Unknown command.
Throw: 5 darts (curare)
Press: ? - help, Q - select action, (/) - cycle Shift-Dir - straight line, f/p - Donald
Aim: Donald, wielding a +2 broad axe of freezing, wearing a +3 plate armour of cold resistance and wearing a +0 kite shield (fast, 76% to hit)
You throw a curare-tipped dart.
The curare-tipped dart barely misses Donald.
Donald hits you with a +2 broad axe of freezing!!
Donald freezes you.
Unknown command.
Press: ? - help, v - describe, . - travel
Here: Donald, wielding a +2 broad axe of freezing, wearing a +3 plate armour of cold resistance and wearing a +0 kite shield (fast)
The floor.
Okay, then.
You feel much better.
Donald says, "I hate Vehumet."
Donald gestures wildly while chanting.
Donald seems to grow stronger.
You block Donald's attack.
It was a potion of cancellation.
You feel magically purged. Donald says, "Don't you hate leeches?
I know I do."
Donald hits you with a +2 broad axe of freezing!!
Donald freezes you.
It was a potion of might.
You feel very mighty all of a sudden.
Donald says, "What's that horrible smell?
It's like... yuck."
Donald hits you with a +2 broad axe of freezing!!
* * * LOW HITPOINT WARNING * * *
Donald freezes you!
You die...

♣♣ ♣♣ ♣♣.♣♣ ♣♣♣ .♣≈♣
♣$≈§♣♣♣≈≈♣♣
≈....≈.♣♣.≈.≈♣≈...♣ ..
....≈...♣..≈≈...≈.≈♣ .≈
.§.≈≈...♣....†...≈≈?
...
§...≈.≈≈≈≈..@@.≈≈≈≈(
...
.≈...≈..♣≈.?.♣.≈..§.
≈..
....[..!.†.≈≈≈≈.≈.≈.
...
.....≈.≈♣≈♣§..≈≈....
..≈
...≈≈≈≈≈..........§♣
P≈≈
≈.≈.≈≈..≈≈.≈..≈♣..≈≈
P≈≈≈≈....≈..≈....§..(.
♣
≈≈≈≈....§......♣♣.≈≈≈♣♣
§≈PP...♣.....≈≈♣ ♣≈♣♣♣


You could see Donald (fast, strong).

Vanquished Creatures
  2 orc warlords
  Louise (Swamp:3)
  Aizul (Swamp:1)
  A reaper (IceCv)
  Nessos (Orc:2)
  A dire elephant (Lair:6)
  A bunyip (Swamp:1)
  2 eleionomae
  8 hydras
  The ghost of thromnambular the Fighter, a journeyman DjFE of Lugonu (Lair:1)
  A boulder beetle (Lair:2)
  A two-headed ogre (D:9)
  A ghost crab (Swamp:1)
  A centaur warrior (Volcano)
  2 alligators
  A hell knight (Volcano)
  A goliath frog (Swamp:2)
  A spriggan druid (Swamp:3)
  A bog body (Swamp:3)
  2 swamp dragons
  An obsidian statue (Lair:6)
  A lindwurm (Lair:6)
  An orc knight (Orc:2)
  2 necromancers (Lair:6)
  4 orc sorcerers
  An ugly thing (IceCv)
  A faun (Lair:6)
  2 slime creatures (D:8)
  6 elephants (Lair:6)
  Maurice (Orc:2)
  Joseph (Lair:1)
  5 black mambas
  A torpor snail (Lair:6)
  2 ice statues (IceCv)
  2 yaktaurs (Volcano)
  16 cane toads
  6 ice devils (IceCv)
  9 komodo dragons
  2 anaconda simulacra (IceCv)
  A bloated husk (Swamp:3)
  2 tyrant leeches
  A polar bear (Lair:6)
  2 hornets
  24 blink frogs
  25 dream sheep
  Prince Ribbit (D:9)
  2 spriggans (Swamp:3)
  2 shadows
  A dire elephant simulacrum (Lair:6)
  50 yaks
  A fire elemental (Orc:2)
  4 wyverns
  2 death yak simulacra
  4 basilisks
  2 vampire mosquitoes (Swamp:3)
  Menkaure (D:7)
  A spectral cane toad (Lair:6)
  7 wargs
  7 swamp worms
  17 water moccasins
  Purgy (Sewer)
  2 sky beasts
  An elephant zombie (Lair:6)
  29 orc warriors
  2 necrophages
  A black bear (D:7)
  An ice beast (D:6)
  2 centaurs
  8 ogres
  3 elephant skeletons (Lair:6)
  40 wolves
  3 phantoms
  2 kobold brigands
  16 bullfrogs
  A wyvern zombie (D:8)
  A scorpion (D:4)
  A two-headed ogre simulacrum (IceCv)
  A cane toad simulacrum (IceCv)
  A water moccasin skeleton (D:4)
  3 elephant simulacra
  6 killer bees
  9 wights
  7 howler monkeys
  A bullfrog zombie (D:6)
  7 jellies
  A centaur zombie (D:8)
  3 hounds
  2 centaur skeletons (D:7)
  17 orc priests
  A bullfrog skeleton (D:5)
  An iguana (Lair:3)
  Ijyb (D:3)
  Terence (D:3)
  16 orc wizards
  2 troll simulacra (IceCv)
  2 spriggan simulacra (IceCv)
  A wolf simulacrum (Lair:3)
  A hound skeleton (D:4)
  2 howler monkey zombies (D:8)
  Robin (D:3)
  A gnoll (D:1)
  3 adders
  A howler monkey skeleton (D:4)
  3 naga simulacra (IceCv)
  2 shadow imps
  2 white imps
  5 ufetubi
  An adder zombie (D:5)
  3 worms
  2 dart slugs
  93 orcs
  6 bats
  11 endoplasms
  4 giant cockroaches
  17 goblins
  8 hobgoblins
  3 jackals (D:2)
  16 kobolds
  4 quokkas
  6 ball pythons
  5 frilled lizards
  A rat (D:1)
650 creatures vanquished.

Vanquished Creatures (collateral kills)
  Jorgrun (Orc:1)
  A spriggan (Swamp:3)
  A swamp dragon (Swamp:3)
  A cane toad (Lair:2)
  A hornet (Swamp:3)
  A yak (D:8)
  A warg (D:8)
  2 killer bees (D:8)
  An orc priest (D:8)
  2 orcs
12 creatures vanquished.

Vanquished Creatures (others)
  A white imp (IceCv)
  47 fungi
  34 plants
  6 toadstools (D:8)
  26 withered plants (Lair:6)
114 creatures vanquished.

Grand Total: 776 creatures vanquished

Notes
Turn   | Place    | Note
-------+----------+-------------------------------------------
     0 | D:1      | nxtlvl the Deep Elf Monk began the quest for the Orb.
     0 | D:1      | Reached XP level 1. HP: 13/13 MP: 3/3
   131 | D:1      | Reached skill level 1 in Staves
   208 | D:1      | Reached XP level 2. HP: 14/18 MP: 4/4
   714 | D:2      | Reached XP level 3. HP: 22/22 MP: 6/6
   729 | D:2      | Learned a level 3 spell: Stone Arrow
   800 | D:2      | Reached skill level 1 in Spellcasting
   888 | D:2      | Reached skill level 1 in Conjurations
   888 | D:2      | Reached skill level 1 in Earth Magic
  1031 | D:3      | Noticed Robin
  1140 | D:3      | Noticed Terence
  1216 | D:3      | Found Doirch's Antique Armour Boutique.
  1242 | D:3      | Noticed Ijyb
  1377 | D:3      | Noticed a sky beast
  1474 | D:2      | Reached XP level 4. HP: 20/27 MP: 7/7
  1764 | D:3      | Found a faded altar of an unknown god.
  1904 | D:3      | Killed Ijyb
  2019 | D:3      | Found Zin's Purification Station.
  2022 | D:3      | Found a glowing silver altar of Zin.
  2237 | D:4      | Reached XP level 5. HP: 30/31 MP: 8/8
  2627 | D:4      | Noticed a phantom
  2738 | D:3      | Killed Robin
  2820 | D:3      | Killed Terence
  2943 | D:3      | Killed a sky beast
  2944 | D:3      | Reached XP level 6. HP: 36/36 MP: 0/11
  3266 | D:4      | Reached skill level 5 in Earth Magic
  3266 | D:4      | Reached XP level 7. HP: 40/40 MP: 2/12
  3309 | D:4      | Reached skill level 5 in Conjurations
  3363 | D:5      | Entered Level 5 of the Dungeon
  3607 | D:5      | Identified the +2 chain mail "Buics" {Harm}
  3765 | D:5      | Found an opulent altar of Gozag.
  3900 | D:6      | Reached XP level 8. HP: 45/45 MP: 4/14
  4209 | D:6      | Found a glowing drain.
  4231 | Sewer    | Entered a sewer
  4317 | Sewer    | Noticed Purgy
  4325 | Sewer    | Killed Purgy
  4432 | D:6      | Found a staircase to the Ecumenical Temple.
  4442 | Temple   | Entered the Ecumenical Temple
  4556 | D:6      | Found a shimmering blue altar of Sif Muna.
  4631 | D:7      | Reached XP level 9. HP: 49/49 MP: 4/16
  4764 | D:7      | Noticed Menkaure
  4765 | D:7      | Killed Menkaure
  4766 | D:7      | Reached skill level 5 in Dodging
  4772 | D:7      | Learned a level 5 spell: Bolt of Magma
  4931 | D:7      | Reached skill level 1 in Fire Magic
  5097 | D:8      | Found a shimmering altar of Xom.
  5219 | D:8      | Reached skill level 5 in Spellcasting
  5260 | D:8      | You fall into a shaft and drop 3 floors!
  5288 | D:10     | Entered Level 10 of the Dungeon
  5299 | D:10     | Found a stormy altar of Qazlal.
  5302 | D:10     | Noticed Urug
  5348 | D:9      | Noticed a two-headed ogre
  5356 | D:9      | Killed a two-headed ogre
  5357 | D:9      | Reached skill level 5 in Staves
  5510 | D:9      | Noticed Prince Ribbit
  5531 | D:9      | Reached XP level 10. HP: 54/54 MP: 3/19
  5539 | D:9      | Killed Prince Ribbit
  5650 | D:9      | Found an ornate altar of the Wu Jian Council.
  5800 | D:8      | Identified the +6 whip of the End of Times {chaos, *Slow
                  | rF+ Will+ Dex+10}
  6062 | D:8      | Noticed a seven-headed hydra
  6076 | D:8      | Killed a nine-headed hydra
  6077 | D:8      | Reached skill level 5 in Fire Magic
  6231 | D:8      | Found a basalt altar of Yredelemnul.
  6281 | D:8      | Found a staircase to the Lair.
  6697 | D:9      | Reached skill level 5 in Evocations
  6752 | D:9      | Found a staircase to the Orcish Mines.
  6899 | D:10     | Found a radiant altar of Vehumet.
  6899 | D:10     | Found a bloodstained altar of Trog.
  6899 | D:10     | Found a blossoming altar of Fedhas.
  6899 | D:10     | Found a hide-covered altar of Uskayaw.
  6903 | D:10     | Became a worshipper of Vehumet
  6903 | D:10     | Reached * piety under Vehumet
  6903 | D:10     | Offered knowledge of Shock by Vehumet.
  6903 | D:10     | Reached ** piety under Vehumet
  6906 | D:10     | Learned a level 1 spell: Shock
  6910 | D:10     | Found a sparkling altar of Nemelex Xobeh.
  6914 | D:10     | Found an ancient bone altar of Kikubaaqudgha.
  6955 | D:10     | Offered knowledge of Static Discharge by Vehumet.
  6982 | D:10     | Learned a level 2 spell: Static Discharge
  7217 | D:3      | Bought a pair of glimmering gloves for 304 gold pieces
  7217 | D:3      | Identified the +2 pair of gloves "Caytug" {rPois Str+3}
                  | (You bought it in a shop on level 3 of the Dungeon)
  7366 | Lair:1   | Entered Level 1 of the Lair of Beasts
  7394 | Lair:1   | Reached XP level 11. HP: 40/60 MP: 0/22
  7411 | Lair:1   | Identified the +7 hand axe of Transparent Guile {protect,
                  | Will+}
  7557 | Lair:1   | Noticed Joseph
  7569 | Lair:1   | Killed Joseph
  7642 | Lair:2   | Noticed a seven-headed hydra
  7648 | Lair:2   | Killed a seven-headed hydra
  7777 | Lair:1   | Noticed thromnambular's ghost (journeyman DjFE)
  7781 | Lair:1   | Found a runed translucent door.
  7969 | Lair:2   | Noticed an eight-headed hydra
  7973 | Lair:2   | Killed an eight-headed hydra
  8035 | Lair:2   | Noticed a wolf spider
  8159 | Lair:2   | Offered knowledge of Ignite Poison by Vehumet.
  8178 | Lair:2   | Learned a level 3 spell: Ignite Poison
  8239 | Lair:2   | Noticed a boulder beetle
  8242 | Lair:2   | Noticed a seven-headed hydra
  8244 | Lair:2   | Reached skill level 10 in Dodging
  8251 | Lair:2   | Reached *** piety under Vehumet
  8261 | Lair:2   | Killed a seven-headed hydra
  8263 | Lair:2   | Killed a boulder beetle
  8270 | Lair:2   | Reached XP level 12. HP: 57/64 MP: 4/23
  8503 | Lair:3   | Found a frozen archway.
  8634 | IceCv    | Entered an ice cave
  8645 | IceCv    | Offered knowledge of Sticky Flame by Vehumet.
  8655 | IceCv    | Learned a level 4 spell: Sticky Flame
  9148 | IceCv    | Reached **** piety under Vehumet
  9217 | IceCv    | Noticed a reaper
  9249 | IceCv    | Reached skill level 5 in Stealth
  9351 | IceCv    | Killed a reaper
  9580 | Lair:3   | Offered knowledge of Mephitic Cloud by Vehumet.
  9628 | Lair:3   | Found a staircase to the Swamp.
  9629 | Lair:3   | Noticed a seven-headed hydra
  9651 | Lair:3   | Killed a seven-headed hydra
  9839 | Lair:4   | Learned a level 3 spell: Mephitic Cloud
  9881 | Lair:4   | Reached XP level 13. HP: 68/68 MP: 18/25
 10192 | Lair:6   | Entered Level 6 of the Lair of Beasts
 10216 | Lair:5   | Reached ***** piety under Vehumet
 10216 | Lair:5   | Offered knowledge of Irradiate by Vehumet.
 10281 | Lair:5   | You fall into a shaft and drop 1 floor!
 10330 | Lair:6   | Reached skill level 10 in Staves
 10410 | Lair:6   | Noticed a dire elephant
 10410 | Lair:6   | Noticed a dire elephant
 10410 | Lair:6   | Noticed a dire elephant
 10412 | Lair:6   | Noticed a dire elephant
 10445 | Lair:6   | Learned a level 5 spell: Irradiate
 10488 | Lair:6   | Reached skill level 10 in Earth Magic
 10623 | Lair:6   | Found a dark tunnel.
 10670 | Volcano  | Entered a volcano
 11106 | Lair:6   | Reached skill level 10 in Evocations
 11378 | Lair:6   | Reached skill level 10 in Spellcasting
 11403 | Lair:6   | Reached XP level 14. HP: 76/76 MP: 8/30
 11428 | Lair:6   | Offered knowledge of Iskenderun's Battlesphere by Vehumet.
 11465 | Lair:6   | Learned a level 5 spell: Iskenderun's Battlesphere
 11480 | Lair:6   | Identified a scroll of acquirement
 11481 | Lair:6   | Acquired the Papyrus of Damage Dealing
 11496 | Lair:6   | Learned a level 6 spell: Iron Shot
 11521 | Lair:6   | Found a staircase to the Slime Pits.
 11521 | Lair:6   | Found a viscous altar of Jiyva.
 12270 | Lair:2   | Reached skill level 5 in Fighting
 12352 | Lair:1   | Killed thromnambular's ghost
 12594 | Orc:1    | Entered Level 1 of the Orcish Mines
 12669 | Orc:1    | Learned a level 5 spell: Fireball
 12692 | Orc:2    | Entered Level 2 of the Orcish Mines
 12692 | Orc:2    | Noticed Nessos
 12717 | Orc:2    | Killed Nessos
 12764 | Orc:2    | Found a staircase to the Elven Halls.
 12767 | Orc:1    | Noticed Jorgrun
 12767 | Orc:1    | Noticed an orc warlord
 12767 | Orc:1    | Found Nutiodof's Book Shoppe.
 12781 | Orc:1    | Killed an orc warlord
 12784 | Orc:1    | Killed Jorgrun
 12971 | Orc:2    | Offered knowledge of Starburst by Vehumet.
 12982 | Orc:2    | Found a flickering gateway to a bazaar.
 12999 | Bazaar   | Entered a bazaar
 12999 | Bazaar   | Found Ucrakoc's Distillery.
 12999 | Bazaar   | Found Sutuuscho's Distillery.
 13013 | Bazaar   | Found Reudgh's General Store.
 13025 | Bazaar   | Found Kecoirphone's Jewellery Shop.
 13036 | Bazaar   | Found Yliesa Rory's Weapon Boutique.
 13070 | Bazaar   | Bought a potion of ambrosia for 64 gold pieces
 13070 | Bazaar   | Bought a potion of heal wounds for 40 gold pieces
 13070 | Bazaar   | Bought a potion of brilliance for 32 gold pieces
 13070 | Bazaar   | Bought a potion of degeneration for 8 gold pieces
 13070 | Bazaar   | Bought a potion of attraction for 24 gold pieces
 13070 | Bazaar   | Bought a potion of lignification for 24 gold pieces
 13073 | Bazaar   | Bought a potion of heal wounds for 40 gold pieces
 13073 | Bazaar   | Bought a potion of resistance for 80 gold pieces
 13073 | Bazaar   | Bought a potion of heal wounds for 40 gold pieces
 13073 | Bazaar   | Bought a potion of heal wounds for 40 gold pieces
 13073 | Bazaar   | Bought a potion of resistance for 80 gold pieces
 13073 | Bazaar   | Bought a potion of curing for 24 gold pieces
 13087 | Bazaar   | Bought a potion of ambrosia for 80 gold pieces
 13087 | Bazaar   | Bought a potion of ambrosia for 80 gold pieces
 13267 | Orc:2    | Learned a level 6 spell: Starburst
 13305 | Orc:2    | Found Yloyzuat's Antique Weapon Shop.
 13496 | Orc:2    | Noticed an orc warlord
 13507 | Orc:2    | Killed an orc warlord
 13510 | Orc:2    | Found Nanikoeh's Antique Armour Boutique.
 13512 | Orc:2    | Found Heetih Pozi's Antique Weapon Shop.
 13539 | Orc:2    | Bought a buckler for 135 gold pieces
 13678 | Orc:2    | Noticed Maurice
 13680 | Orc:2    | Killed Maurice
 13686 | Orc:2    | Found Russ's Armour Boutique.
 14129 | Swamp:1  | Entered Level 1 of the Swamp
 14198 | Lair:4   | Reached skill level 1 in Shields
 14374 | Swamp:1  | Noticed Aizul
 14505 | Swamp:1  | Killed Aizul
 14557 | Swamp:1  | Reached XP level 15. HP: 72/74 MP: 2/33
 14760 | Swamp:3  | Noticed Nikola
 14829 | Swamp:3  | Reached ****** piety under Vehumet
 14837 | Swamp:3  | Noticed Louise
 14855 | Swamp:3  | Killed Louise
 14892 | Swamp:3  | Noticed a thorn hunter
 14913 | Swamp:3  | Learned a level 3 spell: Stone Arrow
 14953 | Swamp:3  | Noticed Donald
 14964 | Swamp:3  | Slain by Donald

Illustrated notes

Levels and vault maps discovered:
D:1:      eino_arrival_water_cross, layout_loops_corners, bh_walls_and_bars
D:2:      layout_rooms
D:3:      layout_basic, zin_purify, serial_shops, shop,
          shapermc_ecumenical_altar_notcrosses, st_stairs_13, roderic_lattice_a,
          uniq_robin, uniq_terence, uniq_ijyb
D:4:      minmay_general_purpose_star, layout_basic, hangedman_decor_peaks_small
D:5:      layout_rooms, nicolae_gozag_cash_rules_everything_around_me
D:6:      layout_loops_ring, overflow_temple_1_default,
          minmay_temple_entry_tees, portal_sewer_entry_f
D:7:      layout_loops_cross, uniq_menkaure
D:8:      cheibrodos_fertilizer, layout_basic, kennysheep_mini_moat,
          mainiacjoe_overflow_boulevard, erik_lair_orcish_takeover
D:9:      layout_grid_maze, mainiacjoe_overflow_paths, david_orc_4,
          uniq_prince_ribbit1
D:10:     layout_basic, nicolae_qazlal_scattered_showers,
          minmay_overflow_temple_hex, uniq_urug
D:11:     layout_roguey, serial_shops, nicolae_shop_competitors_out_of_business,
          uniq_psyche, uniq_gastronok
Temple:   nicolae_temple_figure_zero
Lair:1:   layout_roguey, ebering_ghost_inner_flame, lemuel_fruit_fields,
          uniq_joseph
Lair:2:   layout_chaotic_city, spider_nest_entry_funnel_web,
          guppyfry_lair_drakes, serial_bayou_shore_a
Lair:3:   layout_regular_city, minmay_swamp_entry_reptiles,
          portal_ice_cave_entry_ice_simulacra
Lair:4:   layout_cave_pods
Lair:5:   wander_river, layout_hall_layers
Lair:6:   due_jungle_book, layout_regular_city, slime_altar_1, enter_volcano_4,
          minivault_25, chequers_serial_rivers_micro_a, st_stairs_13,
          grunt_forest_large_clearings
Swamp:1:  layout_falls_marsh, nicolae_swamp_well_well_well, swamp_pool3,
          uniq_kirke, uniq_aizul
Swamp:2:  layout_falls_marsh, nicolae_swamp_round_clearing,
          infiniplex_staircase_pool
Swamp:3:  layout_basic_swamp, nicolae_swamp_some_circles, swamp_pool3,
          uniq_louise, uniq_donald, uniq_nikola
Orc:1:    layout_caves, serial_shops, nicolae_shop_stone, uniq_jorgrun,
          uniq_erolcha
Orc:2:    grunt_orc_community_town_hall, layout_diamond_mine,
          grunt_orc_community_big_house_1, grunt_orc_community_big_house_1,
          grunt_orc_community_house_3, grunt_orc_community_house_1,
          grunt_orc_community_house_1, grunt_orc_community_house_2,
          grunt_orc_community_house_1, serial_shops, bzr_entry_safe,
          basic_altar, uniq_maurice, uniq_azrael, uniq_nessos

Skill      XL: |  1  2  3  4  5  6  7  8  9 10 11 12 13 14 15 |
---------------+----------------------------------------------+-----
Staves         | 1 2 3 5 7 8 9 10 11 | 11.3
Spellcasting   | 1 2 3 5 6 7 10 12 13 | 13.0
Conjurations   | 1 2 3 4 6 7 8 9 |  9.3
Earth Magic    | 1 2 3 5 6 7 8 9 10 11 | 11.6
Dodging        | 4 6 8 10 11 12 13 | 13.2
Short Blades   | 4 |  4.0
Fire Magic     | 3 6 8 |  8.0
Evocations     | 2 5 7 9 10 | 10.0
Fighting       | 3 4 5 |  5.5
Stealth        | 6 8 |  8.6
Shields        | 1 2 |  2.7

Action                   |  1- 3 |  4- 6 |  7- 9 | 10-12 | 13-15 || total
-------------------------+-------+-------+-------+-------+-------++-------
Melee: Short sword       |   139 |   188 |       |       |       ||   327
       Staff             |     4 |     8 |    19 |   232 |   550 ||   813
       Unarmed           |     2 |    11 |       |       |       ||    13
       Dagger            |       |    10 |   117 |   118 |    16 ||   261
Throw: Dart              |    68 |    21 |     5 |     4 |     4 ||   102
 Cast: Stone Arrow       |     1 |    18 |    80 |   143 |   123 ||   365
       Bolt of Magma     |       |       |       |    42 |    64 ||   106
       Sticky Flame      |       |       |       |    16 |     8 ||    24
       Mephitic Cloud    |       |       |       |       |    17 ||    17
       Ignite Poison     |       |       |       |       |     1 ||     1
       Iron Shot         |       |       |       |       |    81 ||    81
       Fireball          |       |       |       |       |     4 ||     4
 Abil: Evoke Invisibilit |       |       |       |     1 |     4 ||     5
Evoke: Wand              |       |       |     2 |    32 |    19 ||    53
       Phantom mirror    |       |       |       |     2 |     3 ||     5
       Condenser vane    |       |       |       |     1 |     2 ||     3
       Box of beasts     |       |       |       |       |     1 ||     1
  Use: Scroll            |       |     1 |     9 |     5 |    16 ||    31
       Potion            |       |       |     1 |     1 |    12 ||    14
 Stab: Sleeping          |     9 |     2 |     1 |     2 |     6 ||    20
       Distracted        |       |       |       |     1 |     2 ||     3
       Confused          |       |       |       |       |    10 ||    10
       Invisible         |       |       |       |       |     1 ||     1
Armor: Leather armour    |    27 |    39 |    24 |       |       ||    90
       Troll leather arm |       |       |     4 |    53 |    74 ||   131
Dodge: Dodged            |    91 |   148 |   105 |   247 |   412 ||  1003
Block: Other             |       |       |    20 |    60 |    69 ||   149
       Reflection        |       |       |       |     1 |     2 ||     3
       Buckler           |       |       |       |       |    21 ||    21
